 Dungeon Crawl Stone Soup version 0.17-a0-1324-ga541562 (webtiles) character file.

636 Fluffy the Basher (level 7, -1/41 HPs)
             Began as a Gargoyle Fighter on June 9, 2015.
             Killed by divine providence
             ... invoked by an orc priest
              (13 damage)
             ... on level 4 of the Dungeon.
             The game lasted 00:07:19 (3050 turns).

Fluffy the Basher (Gargoyle Fighter)                Turns: 3050, Time: 00:07:21

Health: -1/41      AC: 13    Str: 20    XL:     7   Next: 50%
Magic:  7/7        EV:  8    Int:  8    God:
Gold:   175        SH:  9    Dex: 11    Spells: 0 memorised, 6 levels left

rFire  . . .     SeeInvis .     t - +0 morningstar
rCold  + . .     Clarity  .     n - +3 ring mail {rC+}
rNeg   + . .     SustAt   .     c - +0 shield
rPois  ∞         Gourm    .     (no helmet)
rElec  +         Spirit   .     (no cloak)
rCorr  .         Warding  .     (no gloves)
rMut   .         Stasis   .     (no boots)
MR     .....                    (no amulet)
Stlth  +.........               (no ring)
                                (no ring)

@: not resistant to hostile enchantments, very unstealthy
A: negative energy resistance 1, electricity resistance, unbreathing,
petrification resistance, rot immunity, AC +4
a: no special abilities


You were on level 4 of the Dungeon.
You were hungry.

You visited 1 branch of the dungeon, and saw 4 of its levels.

You collected 175 gold pieces.

Inventory:

Hand weapons
 t - a +0 morningstar (weapon)
Armour
 c - a +0 shield (worn)
 n - a +3 ring mail of cold resistance (worn)
Magical devices
 p - a wand of random effects (25)
Scrolls
 a - a scroll of teleportation {unknown}
 f - 4 scrolls of recharging {unknown}
 g - a scroll of amnesia {unknown}
 h - 2 scrolls of immolation {unknown}
 i - 3 scrolls of identify {unknown}
 j - 4 scrolls of magic mapping {unknown}
 m - 2 scrolls of enchant weapon {unknown}
Potions
 b - 3 potions of heal wounds {unknown}
 d - 3 potions of might
 e - 2 potions of cure mutation {unknown}
 k - 2 potions of curing
 l - a potion of cancellation {unknown}
 q - 2 potions of lignification {unknown}
 u - a potion of ambrosia {unknown}
Comestibles
 o - a beef jerky
 r - a meat ration
 s - a slice of pizza


   Skills:
 - Level 3.2 Fighting
 + Level 8.2 Maces & Flails
 - Level 3.2 Armour
 - Level 3.2 Shields


You had 6 spell levels left.
You didn't know any spells.

Dungeon Overview and Level Annotations

Branches:
Dungeon (4/15)
 Temple: D:4-7

Altars:
Makhleb
Qazlal
Zin


Innate Abilities, Weirdness & Mutations

You are resistant to torment.
Your stone body is resilient (AC +4).
You are immune to poison.
You resist negative energy.
You are resistant to electric shocks.
You can survive without breathing.
You are immune to petrification.
You are immune to rotting.


Message History

You hit the orc priest.
The orc priest is severely wounded.
The orc priest hits you but does no damage.
The orc hits you but does no damage.
You closely miss the orc priest.
The orc priest is severely wounded.
The orc priest hits you but does no damage.
You block the orc's attack.
You hit the orc priest.
The orc priest is almost dead.
You block the orc priest's attack. The orc hits you with a club.
The orc priest hits you.
* * * LOW HITPOINT WARNING * * *
The orc priest shouts!
You sock the orc priest!
You kill the orc priest!
The orc hits you but does no damage.
The orc priest calls down the wrath of Beogh upon you.
Something smites you!
You die...

#####.......###+#....[ #+#
.#.##'#....#...#...#+##..
'....'....'...##'##.##.. ..
#.##'#....#...').##.##..
...o###'#..%....#...##)##.##..
....'.o.'...##'##...##.)'.....
...###'#o..#..'....'.).#.....
..........(.#'###...##.##+####
............#@.##...##.#......
#'##......o.Oo.'.......+......
###'##...#.####+#####......
#...#...#.###..####....###
#...'...'.#.......#....#..
#...#...#.#.......#....#.. ...
#...#...#.+.......'....'..
...#
'...#...####+######....###
...#
#...#...............#'####


You could see an ogre, an orc priest and an orc.

Vanquished Creatures
  A phantom (D:3)
  A scorpion (D:4)
  5 orc wizards
  Ijyb (D:2)
  A centaur skeleton (D:4)
  2 orc priests
  Terence (D:2)
  A worker ant (D:4)
  4 gnolls (D:3)
  6 adders
  An ooze (D:1)
  A worm (D:3)
  2 giant geckos (D:2)
  15 orcs
  4 giant cockroaches
  5 goblins
  12 hobgoblins
  9 jackals
  4 kobolds
  2 bats
  A giant cockroach zombie (D:3)
  3 giant newts
  A quokka (D:3)
  10 rats
93 creatures vanquished.

Vanquished Creatures (others)
  4 toadstools (D:1)
4 creatures vanquished.

Grand Total: 97 creatures vanquished

Notes
Turn   | Place    | Note
--------------------------------------------------------------
     0 | D:1      | Fluffy the Gargoyle Fighter began the quest for the Orb.
     0 | D:1      | Reached XP level 1. HP: 14/14 MP: 1/1
   106 | D:1      | Reached XP level 2. HP: 16/19 MP: 2/2
   678 | D:2      | Noticed Ijyb
   695 | D:2      | Killed Ijyb
   695 | D:2      | Reached skill level 4 in Maces & Flails
   695 | D:2      | Reached XP level 3. HP: 20/23 MP: 3/3
   790 | D:2      | Reached XP level 4. HP: 28/28 MP: 4/4
   865 | D:2      | Found a burning altar of Makhleb.
   870 | D:2      | Found a glowing silver altar of Zin.
   870 | D:2      | Noticed a cacodemon
   870 | D:2      | Noticed an angel
   934 | D:2      | Noticed Terence
   956 | D:2      | Killed Terence
  1445 | D:3      | Reached skill level 5 in Maces & Flails
  1445 | D:3      | Reached XP level 5. HP: 29/32 MP: 5/5
  1568 | D:3      | Noticed a phantom
  1640 | D:3      | Killed a phantom
  1640 | D:3      | Reached skill level 6 in Maces & Flails
  1640 | D:3      | Reached XP level 6. HP: 21/37 MP: 6/6
  2331 | D:4      | Reached skill level 7 in Maces & Flails
  2426 | D:4      | Reached XP level 7. HP: 41/41 MP: 7/7
  2673 | D:4      | Found a stormy altar of Qazlal.
  2762 | D:4      | Reached skill level 8 in Maces & Flails
  3050 | D:4      | Killed from afar by an orc priest

Vault maps used:
D:1:      ldierk_walled_garden_2, minmay_quantized
D:2:      grunt_temple_overflow_order_and_chaos_2, uniq_terence, uniq_iyjb
D:3:      grunt_ministairs_10
D:4:      old_standard_altar, first_bread

Action                   |  1- 3 |  4- 6 |  7- 9 || total
-------------------------+-------+-------+-------++-------
Melee: Flail             |    83 |   218 |       ||   301
       Morningstar       |       |    43 |    91 ||   134
  Use: Potion            |       |       |     3 ||     3
  Eat: Chunk             |       |     2 |     1 ||     3
       Bread ration      |       |     1 |       ||     1
